 Dungeon Crawl Stone Soup version 0.22.1-1-ga44c0e5 (webtiles) character file.

1320 Jamjie98 the Firebug (level 8, 0/59 HPs)
             Began as a Yellow Draconian Fire Elementalist on Oct 1, 2018.
             Was an Initiate of Sif Muna.
             Slain by an ogre
             ... wielding a +0 giant spiked club
              (26 damage)
             ... on level 7 of the Dungeon.
             The game lasted 00:38:01 (5336 turns).

Jamjie98 the Firebug (DrFE)                         Turns: 5336, Time: 00:38:02

Health: 0/59       AC: 14    Str: 11    XL:     8   Next: 33%
Magic:  0/15       EV: 13    Int: 18    God:    Sif Muna [......]
Gold:   343        SH:  0    Dex: 13    Spells: 11/17 levels left

rFire    . . .     SeeInvis .   y - +2 flail (protect)
rCold    . . .     Gourm    +   (no shield)
rNeg     . . .     Faith    .   (armour unavailable)
rPois    .         Spirit   .   (helmet restricted)
rElec    .         Reflect  .   D - +0 cloak
rCorr    +         Harm     .   (no gloves)
MR       .....                  (no boots)
Stlth    ++........             x - amulet of the gourmand
HPRegen  0.19/turn              u - ring of flight
MPRegen  0.14/turn              w - +2 ring of dexterity

@: protection aura
A: spit acid, acid resistance, unfitting armour, cold-blooded, AC +6
a: Breathe Acid, Renounce Religion, Evoke Flight


You were on level 7 of the Dungeon.
You worshipped Sif Muna.
Sif Muna was noncommittal.
You were very full.

You visited 2 branches of the dungeon, and saw 8 of its levels.

You collected 343 gold pieces.

Inventory:

Hand Weapons
 f - a +0 dagger
 g - a +0 dagger
 i - a -3 short sword
 j - a +0 hunting sling
 k - a +0 whip
 l - a +0 dagger
 s - a +0 long sword
 y - a +2 flail of protection (weapon)
 I - a +0 shortbow
Missiles
 e - 103 stones (quivered)
 h - 148 arrows
 m - 82 bolts
 r - 6 tomahawks
 F - 8 sling bullets
 H - 8 tomahawks of returning
Armour
 D - a +0 cloak (worn)
Jewellery
 u - a ring of flight (left hand)
 w - a +2 ring of dexterity (right hand)
 x - an amulet of the gourmand (around neck)
 C - an uncursed ring of poison resistance
 K - an uncursed amulet of the acrobat {unknown}
Wands
 A - a wand of enslavement (10)
Scrolls
 a - 3 scrolls of identify
 o - 3 scrolls of magic mapping
 t - a scroll of brand weapon {unknown}
 G - 4 scrolls of enchant weapon
 M - a scroll of immolation {unknown}
Potions
 c - a potion of brilliance {unknown}
 d - 2 potions of might
 n - 4 potions of flight {unknown}
 p - 3 potions of lignification {unknown}
 q - a potion of heal wounds {unknown}
 v - 3 potions of haste {unknown}
 z - a potion of mutation {unknown}
 B - 2 potions of curing {unknown}
 E - 2 potions of degeneration {unknown}
 J - a potion of berserk rage {unknown}
 L - a potion of ambrosia {unknown}
Comestibles
 b - 14 rations


   Skills:
 + Level 1.4 Fighting
 + Level 0.8 Short Blades
 + Level 2.9 Maces & Flails
 + Level 2.8 Dodging
 + Level 2.9 Stealth
 + Level 5.2 Spellcasting
 + Level 4.8 Conjurations
 + Level 5.6 Fire Magic
 + Level 0.2 Evocations


You had 11 spell levels left.
You knew the following spells:

 Your Spells              Type           Power        Failure   Level  Hunger
a - Flame Tongue          Conj/Fire      ###..        1%          1    None
b - Throw Flame           Conj/Fire      ###...       2%          2    #......
c - Conjure Flame         Conj/Fire      ###.....     4%          3    ##.....

Your spell library contained the following spells:

 Spells                   Type           Power        Failure   Level  Hunger
 Inner Flame              Hex/Fire       ##......     12%         3    ##.....
 Sticky Flame             Conj/Fire      ###.....     16%         4    ####...
 Fireball                 Conj/Fire      ###.......   38%         5    ######.


Dungeon Overview and Level Annotations

Branches:
Dungeon (7/15)             Temple (1/1) D:6

Altars:
Ashenzari
Cheibriados
Elyvilon
Fedhas
Hepliaklqana
Kikubaaqudgha
Nemelex Xobeh
Okawaru
Sif Muna
Uskayaw
Vehumet
Wu Jian
Zin
The Shining One
Beogh

Shops:
D:2 *


Innate Abilities, Weirdness & Mutations

You can spit globs of acid.
You are resistant to acid.
Your golden yellow scales are hard. (AC +6)
You cannot fit into any form of body armour.
You are cold-blooded and may be slowed by cold attacks.


Message History

The ogre barely misses you.
You barely miss the ogre. You tail-slap the ogre.
The ogre is heavily wounded.
The ogre completely misses you.
You hit the ogre.
The ogre is heavily wounded.
The ogre completely misses you.
You sock the ogre!
The ogre is almost dead.
The ogre barely misses you.
Casting: Flame Tongue (safe; 1% risk of failure)
Confirm with . or Enter, or press ? or * to list all spells.
Aiming: Flame Tongue (safe; 1% risk of failure)
Press: ? - help, Shift-Dir - straight line, f/p - ogre
Aim: an ogre, wielding a giant spiked club (almost dead)
The flame tongue misses the ogre.
You hit the ogre.
The ogre is almost dead.
The ogre hits you with a giant spiked club!!
You die...

.... # ...# ##. #.
...###.. ...
#..#... .... .....#
..... #....#
......###....####
.......@O.#.....#
.....####....# #..
.......##<#W.#.....
. ................#
...####......##.#
#.#.....!..
#...#....$.
##.###..... ..#
.....


You could see a phantom and an ogre.

Vanquished Creatures
  Menkaure (D:4)
  An ice beast (D:5)
  A phantom (D:6)
  2 centaurs
  2 bullfrogs
  A howler monkey (D:5)
  4 crimson imps (D:5)
  A centaur zombie (D:6)
  3 orc priests
  3 hounds
  3 iguanas
  4 worker ants (D:5)
  2 orc wizards
  A worker ant zombie (D:5)
  3 gnolls (D:2)
  2 adders
  A worm (D:2)
  A dart slug (D:1)
  3 leopard geckos
  7 orcs
  4 giant cockroaches
  4 goblins
  5 hobgoblins
  6 jackals (D:2)
  9 kobolds
  5 quokkas
  A ball python (D:4)
  4 bats
  2 frilled lizards (D:2)
  7 rats
93 creatures vanquished.

Notes
Turn   | Place    | Note
-------+----------+-------------------------------------------
     0 | D:1      | Jamjie98 the Draconian Fire Elementalist began the quest
                  | for the Orb.
     0 | D:1      | Reached XP level 1. HP: 14/14 MP: 3/3
   306 | D:1      | Reached XP level 2. HP: 20/20 MP: 1/5
   785 | D:2      | Reached XP level 3. HP: 26/26 MP: 2/6
   821 | D:2      | Found Zin's Purification Station.
   823 | D:2      | Found a glowing silver altar of Zin.
  1027 | D:2      | Reached XP level 4. HP: 31/33 MP: 1/7
  1844 | D:3      | Learned a level 2 spell: Throw Flame
  1848 | D:3      | Learned a level 3 spell: Conjure Flame
  2056 | D:3      | Found a roughly hewn altar of Beogh.
  2065 | D:3      | Reached XP level 5. HP: 32/39 MP: 2/9
  2966 | D:4      | Noticed Menkaure
  3023 | D:4      | Killed Menkaure
  3023 | D:4      | Reached XP level 6. HP: 6/46 MP: 6/11
  3690 | D:5      | Entered Level 5 of the Dungeon
  3705 | D:5      | Reached skill level 1 in Maces & Flails
  3709 | D:5      | Noticed an ice beast
  3719 | D:5      | Killed an ice beast
  3719 | D:5      | Your scales start taking on a golden yellow colour.
  3719 | D:5      | Reached XP level 7. HP: 46/51 MP: 0/12
  4246 | D:5      | Reached skill level 1 in Fighting
  4246 | D:5      | Reached skill level 5 in Fire Magic
  4777 | D:6      | Reached XP level 8. HP: 59/59 MP: 8/15
  4956 | D:6      | Reached skill level 5 in Spellcasting
  5013 | D:6      | Found a staircase to the Ecumenical Temple.
  5024 | Temple   | Entered the Ecumenical Temple
  5079 | Temple   | Became a worshipper of Sif Muna the Loreminder
  5155 | D:6      | Found an iron altar of Okawaru.
  5336 | D:7      | Slain by an ogre

Skill      XL: |  1  2  3  4  5  6  7  8 |
---------------+-------------------------+-----
Dodging        | 2 |  2.8
Stealth        | 2 |  2.9
Conjurations   | 2 3 4 |  4.8
Spellcasting   | 3 4 5 |  5.2
Fire Magic     | 4 5 |  5.6
Maces & Flails | 1 2 |  2.9
Fighting       | 1 |  1.4
Short Blades   | |  0.8
Evocations     | |  0.2

Action                   |  1- 3 |  4- 6 |  7- 9 || total
-------------------------+-------+-------+-------++-------
Melee: Dagger            |     1 |       |       ||     1
       Unarmed           |     1 |       |       ||     1
       Short sword       |    13 |    13 |       ||    26
       Tailslap          |     2 |     6 |     5 ||    13
       Flail             |       |    21 |    35 ||    56
 Cast: Flame Tongue      |    45 |    81 |    47 ||   173
       Throw Flame       |       |    15 |    50 ||    65
 Abil: Breathe Acid      |       |       |     6 ||     6
Evoke: Wand              |       |     2 |       ||     2
  Use: Scroll            |     2 |     6 |     1 ||     9
  Eat: Chunk             |     1 |    23 |     6 ||    30
Armor: Skin              |     9 |    23 |    20 ||    52
Dodge: Dodged            |     9 |    48 |    58 ||   115
